 Dungeon Crawl Stone Soup version 0.30.1-4-g462c640d31 (webtiles) character file.

Game seed: 14285470464003949668

55 BillyBaka the Conjurer (level 4, 0/32 HPs)
             Began as a Human Conjurer on Sept 12, 2023.
             Slain by Natasha (7 damage)
             ... on level 2 of the Dungeon.
             The game lasted 00:07:09 (1497 turns).

BillyBaka the Conjurer (Human Conjurer)             Turns: 1497, Time: 00:07:10

Health: 0/32       AC:  2    Str:  7    XL:     4   Next: 14%
Magic:  6/7        EV: 12    Int: 21    God:
Gold:   65         SH:  0    Dex: 11    Spells: 6/7 levels left

rFire   . . .        d - +0 dagger
rCold   . . .        (no shield)
rNeg    . . .        a - +0 robe
rPois   .            (no helmet)
rElec   .            (no cloak)
rCorr   .            (no gloves)
SInv    .            (no boots)
Will    .....        (no amulet)
Stlth   ++           (no ring)
HPRegen 0.25/turn    (no ring)
MPRegen 0.10/turn

%: no passive effects
@: slowed, very slow
A: no striking features
a: no special abilities


You were on level 2 of the Dungeon.
You visited 1 branch of the dungeon, and saw 2 of its levels.

You collected 65 gold pieces.

Inventory:

Hand Weapons
 d - a +0 dagger (weapon)
Armour
 a - a +0 robe (worn)
Scrolls
 c - 2 scrolls of teleportation {unknown}
 e - a scroll of immolation {unknown}
 f - 2 scrolls of identify {unknown}
Potions
 b - a potion of mutation {unknown}


   Skills:
 + Level 1.3 Fighting
 + Level 2.3 Dodging
 + Level 2.5 Stealth
 + Level 2.3 Spellcasting
 + Level 4.1 Conjurations
 + Level 1.2 Hexes


You had 6 spell levels left.
You knew the following spells:

 Your Spells              Type           Power      Damage    Failure   Level
a - Magic Dart            Conj           80%        1d7       2%          1

Your spell library contained the following spells:

 Spells                   Type           Power      Damage    Failure   Level
 Searing Ray              Conj           40%        2d5       3%          2
 Dazzling Flash           Conj/Hex       26%        N/A       14%         3
 Fulminant Prism          Conj/Hex       6%         3d6       43%         4
 Iskenderun's Mystic Bla  Conj/Tloc      11%        2d4       52%         4


Dungeon Overview and Level Annotations

Branches:
Dungeon (2/15)

Altars:

Annotations:
D:2 Natasha, Sigmund, Terence


Message History

The grasping roots grab you! The grasping roots constrict you.
Natasha stares at you and mumbles some strange words.
You feel yourself slow down.
You see here a quokka corpse.
You escape the roots grasp.
You bump into the rock wall.
Sigmund mumbles some strange words.
Sigmund flickers and vanishes!
Deactivating autopickup; reactivate with Ctrl-A.
Terence the Incautious comes into view.
He is wielding a +0 short sword and wearing a +2 chain mail of willpower.
A magic dart appears from out of thin air!
The magic dart hits you!
A magic dart appears from out of thin air!
The magic dart hits you. Natasha casts a spell at you.
You feel as though you will be slow longer.
You bump into the rock wall.
You feel less confused.
You hit Natasha.
Natasha is lightly wounded.
Natasha barely misses you. Natasha closely misses you.
You closely miss Natasha.
Natasha is lightly wounded.
Natasha claws you.
You barely miss Natasha.
Natasha is lightly wounded.
Natasha stares at you and mumbles some strange words.
The magic dart hits you!
* * * LOW HITPOINT WARNING * * *
Natasha casts a spell.
Casting: Magic Dart (safe; 2% risk of failure)
Confirm with . or Enter, or press ? or * to list all spells.
Aiming: Magic Dart (safe; 2% risk of failure)
Press: ? - help, Shift-Dir - straight line, f - Natasha
Aim: Natasha (lightly wounded, 100% to hit)
The magic dart hits Natasha.
Natasha is heavily wounded.
Natasha claws you!
You die...

.......#
#...<....#####.####.#.#<
.......# #..#...........#
#.#...
.......###........#######
#.###.
.....r......###......#
#.# #.
................#.##.##
#.# ##
######.......#........#
#.# #......#...#.5#....#
#......#.###..#.##.#
#......#...@h.#.# .#
#......######.#.. .
#......# #.### #
#############h# #.....###
#.......# #....{#.#
#.....#... #.....# ###


You could see Natasha and a cerulean imp (summoned).

Vanquished Creatures
  An adder (D:2)
  2 dart slugs (D:1)
  2 bats
  4 endoplasms
  2 giant cockroaches (D:1)
  A goblin (D:1)
  4 hobgoblins (D:1)
  6 jackals (D:1)
  2 quokkas
  4 ball pythons
  4 kobolds
  4 rats
36 creatures vanquished.

Notes
Turn   | Place    | Note
-------+----------+-------------------------------------------
     0 | D:1      | BillyBaka the Human Conjurer began the quest for the Orb.
     0 | D:1      | Reached XP level 1. HP: 13/13 MP: 3/3
   160 | D:1      | Reached XP level 2. HP: 17/19 MP: 0/5
   531 | D:1      | Reached XP level 3. HP: 25/25 MP: 3/6
   721 | D:1      | Reached skill level 1 in Fighting
   770 | D:1      | Reached skill level 1 in Hexes
  1338 | D:2      | Reached XP level 4. HP: 32/32 MP: 1/7
  1482 | D:2      | Noticed Sigmund
  1482 | D:2      | Noticed Natasha
  1489 | D:2      | Noticed Terence
  1497 | D:2      | Slain by Natasha

Illustrated notes

Levels and vault maps discovered:
D:1:      ncdulo_halloftheorcs, layout_basic
D:2:      layout_basic, minmay_misc_feat_iff, minmay_distorted, uniq_sigmund,
          uniq_natasha, uniq_terence

Skill      XL: |  1  2  3 |
---------------+----------+-----
Fighting       | 1 |  1.3
Hexes          | 1 |  1.2
Dodging        | |  2.3
Stealth        | |  2.5
Spellcasting   | |  2.3
Conjurations   | |  4.1

Action                     |  1- 3 |  4- 6 || total
---------------------------+-------+-------++-------
  Melee: Unarmed           |    48 |       ||    48
         Dagger            |       |     3 ||     3
   Cast: Magic Dart        |    73 |     7 ||    80
    Use: Potion            |     1 |       ||     1
 Armour: Robe              |    22 |       ||    22
  Dodge: Dodged            |    50 |     2 ||    52
